[Event "Slovakian ECo-C Extraliga 2024-25"]
[Site "Slovakia"]
[Date "2024.11.23"]
[Round "1.5"]
[White "Meszaros, Casey Ryan"]
[Black "Pacher, Milan"]
[Result "1/2-1/2"]
[ECO "B22"]
[WhiteElo "1952"]
[BlackElo "2310"]
[Annotator "RC"]
[PlyCount "55"]
[EventDate "2024.09.12"]
[EventType "team-tourn"]
[EventCountry "SVK"]
[SourceTitle "playchess.com"]
[Source "ChessBase"]
[SourceQuality "1"]
[TimeControl "5400+30"]

1. e4 c5 2. c3 e6 3. d4 d5 4. exd5 exd5 5. Nf3 Nc6 6. Be3 cxd4 7. Nxd4 Nf6 8. Bb5 Bd7 9. h3 Bd6 10. Nd2 O-O 11. Be2 Re8 12. N2f3 Rxe3 13. fxe3 Bg3+ 14. Kd2 Ne4+ 15. Kc2 Nf2 16. Qd2 Nxh1 17. Rxh1 Qe7 18. Bd3 g6 19. Rf1 Re8 20. Ne2 Bc7 21. Nf4 Qc5 22. Kb1 Ne5 23. Bc2 Qb5 24. Nd3 Nc4 25. Qf2 Na3+ 26. Kc1 Nxc2 27. Nd4 Nxd4 28. Qxf7+ 1/2-1/2

[Event "Slovakian ECo-C Extraliga 2024-25"]
[Site "Slovakia"]
[Date "2024.11.23"]
[Round "1.6"]
[White "Jurcik, Martin"]
[Black "Rucek, Kristian"]
[Result "1/2-1/2"]
[ECO "D32"]
[WhiteElo "2361"]
[BlackElo "2172"]
[Annotator "ChessBase"]
[PlyCount "155"]
[EventDate "2024.09.12"]
[EventType "team-tourn"]
[EventCountry "SVK"]
[SourceTitle "playchess.com"]
[Source "ChessBase"]
[SourceQuality "1"]
[TimeControl "5400+30"]

1. c4 e6 2. Nc3 d5 3. d4 c5 4. cxd5 exd5 5. Nf3 Nf6 6. Bg5 Be6 7. dxc5 Bxc5 8. e3 O-O 9. Be2 Nc6 10. O-O h6 11. Bh4 a6 12. Rc1 Ba7 13. Qd3 g5 14. Bg3 Qe7 15. Ne5 Rfd8 16. Nxc6 bxc6 17. b3 c5 18. Na4 c4 19. bxc4 dxc4 20. Qc2 Rac8 21. Nc3 Qc5 22. Qb2 Bb8 23. Na4 Qe7 24. Nb6 Rc5 25. Nxc4 Bxg3 26. hxg3 Rdc8 27. Nd2 Rxc1 28. Rxc1 Rxc1+ 29. Qxc1 Bxa2 30. Qc8+ Kg7 31. Qxa6 Be6 32. Qa1 Kg8 33. Qd4 Nd7 34. g4 Qf6 35. Qxf6 Nxf6 36. f3 Kg7 37. Kf2 Nd7 38. Bc4 Bxc4 39. Nxc4 Nf6 40. e4 Nd7 41. Ke3 Nf8 42. Nd6 Ng6 43. Nf5+ Kh7 44. Ng3 Nf4 45. Kf2 Kg6 46. Kf1 f6 47. Kf2 Nd3+ 48. Ke2 Nf4+ 49. Kf1 Kf7 50. Nh5 Nd3 51. Ke2 Ne5 52. Ke3 Kg6 53. Kd4 Kf7 54. Ng3 Kg6 55. Nf5 h5 56. gxh5+ Kxh5 57. Kd5 Kg6 58. Ke6 Nd3 59. Ne7+ Kg7 60. Nd5 Ne1 61. Nxf6 Nxg2 62. Ng4 Ne1 63. Nh2 Kg6 64. Kd6 Nd3 65. e5 Nf4 66. e6 Nh5 67. Ng4 Kf5 68. e7 Ng7 69. Kd7 Kf4 70. Nf6 Kxf3 71. Nh5 Nxh5 72. Ke6 Ng7+ 73. Kf6 Ne8+ 74. Kxg5 Ke4 75. Kg6 Kd5 76. Kf7 Nc7 77. e8=N Nxe8 78. Kxe8 1/2-1/2

[Event "Slovakian ECo-C Extraliga 2024-25"]
[Site "Slovakia"]
[Date "2024.11.23"]
[Round "1.6"]
[White "Borhy, Marcell"]
[Black "Castiglione, Mario"]
[Result "1-0"]
[ECO "A05"]
[WhiteElo "2356"]
[BlackElo "2244"]
[Annotator "RC"]
[PlyCount "117"]
[EventDate "2024.09.12"]
[EventType "team-tourn"]
[EventCountry "SVK"]
[SourceTitle "playchess.com"]
[Source "ChessBase"]
[SourceQuality "1"]
[TimeControl "5400+30"]

1. Nf3 Nf6 2. c4 c6 3. g3 d5 4. Bg2 Bf5 5. Qb3 Qb6 6. d3 Qxb3 7. axb3 e6 8. Bd2 Na6 9. Bc3 Bb4 10. Nd4 Bxc3+ 11. bxc3 Nc7 12. cxd5 cxd5 13. Nxf5 exf5 14. c4 a6 15. Kd2 O-O-O 16. Nc3 Rhe8 17. cxd5 Nfxd5 18. Nxd5 Nxd5 19. Ra5 Ne7 20. b4 Kc7 21. Rc1+ Kb6 22. Rac5 Rd7 23. e3 Red8 24. d4 Nd5 25. R1c4 g6 26. h3 Nc7 27. Rc1 Ne6 28. R5c4 h5 29. h4 Nc7 30. Kd3 Nb5 31. Rc5 Nc7 32. Kc3 Ne6 33. Rc4 Rc7 34. Kd3 Rcd7 35. Kc3 Rc7 36. Kb3 Rcd7 37. R4c3 Nc7 38. R3c2 Nb5 39. Rc5 Nc7 40. Bf3 Ne6 41. R5c3 Rc7 42. Be2 Rdd7 43. f3 Rxc3+ 44. Rxc3 Nc7 45. Bc4 Ne8 46. Kc2 Nd6 47. Bd3 Re7 48. Kd2 a5 49. bxa5+ Kxa5 50. Rc5+ b5 51. Rc6 Rd7 52. Kc3 Ne8 53. e4 fxe4 54. fxe4 Rc7 55. Rxc7 Nxc7 56. d5 b4+ 57. Kc4 Ka4 58. Bc2+ Ka3 59. e5 1-0

[Event "Slovakian ECo-C Extraliga 2024-25"]
[Site "Slovakia"]
[Date "2024.11.23"]
[Round "1.6"]
[White "Stevik, Patrik"]
[Black "Striskova, Lucia"]
[Result "1-0"]
[ECO "A05"]
[WhiteElo "2298"]
[BlackElo "2051"]
[Annotator "RC"]
[PlyCount "41"]
[EventDate "2024.09.12"]
[EventType "team-tourn"]
[EventCountry "SVK"]
[SourceTitle "playchess.com"]
[Source "ChessBase"]
[SourceQuality "1"]
[TimeControl "5400+30"]

1. Nf3 Nf6 2. g3 g6 3. b3 Bg7 4. Bb2 c5 5. c4 d6 6. d4 Ne4 7. Bg2 Qa5+ 8. Nfd2 Nxd2 9. Bc3 Qc7 10. Qxd2 O-O 11. dxc5 dxc5 12. Bxg7 Kxg7 13. Qe3 Na6 14. O-O Nb4 15. a3 Na6 16. Nc3 Be6 17. Nb5 Qb8 18. Qe4 Qc8 19. Qxb7 Rb8 20. Qxe7 Re8 21. Qxa7 1-0

[Event "Slovakian ECo-C Extraliga 2024-25"]
[Site "Slovakia"]
[Date "2024.11.23"]
[Round "1.6"]
[White "Molnar, Erno"]
[Black "Schwarz, Dusan"]
[Result "1-0"]
[ECO "B78"]
[WhiteElo "2221"]
[BlackElo "2296"]
[Annotator "RC"]
[PlyCount "91"]
[EventDate "2024.09.12"]
[EventType "team-tourn"]
[EventCountry "SVK"]
[SourceTitle "playchess.com"]
[Source "ChessBase"]
[SourceQuality "1"]
[TimeControl "5400+30"]

1. e4 c5 2. Nf3 d6 3. d4 cxd4 4. Nxd4 Nf6 5. Nc3 g6 6. Be3 Bg7 7. f3 Nc6 8. Qd2 O-O 9. Bc4 Bd7 10. O-O-O Rc8 11. Bb3 Ne5 12. Kb1 Nc4 13. Bxc4 Rxc4 14. g4 b5 15. b3 b4 16. bxc4 bxc3 17. Qxc3 Qc7 18. Qd3 Rb8+ 19. Nb3 Be6 20. Bd4 a5 21. Qc3 a4 22. g5 Nh5 23. Bxg7 Nxg7 24. Ka1 axb3 25. cxb3 Nh5 26. Qe3 Qa5 27. Rc1 Qe5+ 28. Kb1 Nf4 29. h4 d5 30. cxd5 Nxd5 31. Rc5 Rb5 32. Rxb5 Nc3+ 33. Kc2 Nxb5 34. Rc1 Bd5 35. Kd3 Be6 36. Qc5 Qb8 37. a4 Nd6 38. b4 Bb3 39. e5 Ne8 40. Qc8 Qxc8 41. Rxc8 Bxa4 42. Kc4 Bd7 43. Rd8 Be6+ 44. Kc5 Kf8 45. b5 f6 46. b6 1-0

[Event "Slovakian ECo-C Extraliga 2024-25"]
[Site "Slovakia"]
[Date "2024.11.23"]
[Round "1.6"]
[White "Kantorik, Marian"]
[Black "Skreko, Igor"]
[Result "1/2-1/2"]
[ECO "A69"]
[WhiteElo "2165"]
[BlackElo "2157"]
[Annotator "RC"]
[PlyCount "49"]
[EventDate "2024.09.12"]
[EventType "team-tourn"]
[EventCountry "SVK"]
[SourceTitle "playchess.com"]
[Source "ChessBase"]
[SourceQuality "1"]
[TimeControl "5400+30"]

1. d4 Nf6 2. c4 g6 3. Nc3 Bg7 4. e4 d6 5. f4 O-O 6. Nf3 c5 7. d5 e6 8. Be2 exd5 9. cxd5 Nbd7 10. O-O Re8 11. Nd2 c4 12. e5 dxe5 13. Nxc4 e4 14. Be3 Bf8 15. d6 a6 16. a4 b6 17. f5 Bb7 18. Qb3 Rb8 19. fxg6 hxg6 20. Nxb6 Nxb6 21. Qxb6 Nd5 22. Nxd5 Bxd5 23. Qd4 Bxd6 24. Rad1 Qh4 25. g3 1/2-1/2

[Event "Slovakian ECo-C Extraliga 2024-25"]
[Site "Slovakia"]
[Date "2024.11.23"]
[Round "1.7"]
[White "Krak, Tomas"]
[Black "Szegi, Tamas"]
[Result "1-0"]
[ECO "E92"]
[WhiteElo "2229"]
[BlackElo "2141"]
[Annotator "RC"]
[PlyCount "91"]
[EventDate "2024.09.12"]
[EventType "team-tourn"]
[EventCountry "SVK"]
[SourceTitle "playchess.com"]
[Source "ChessBase"]
[SourceQuality "1"]
[TimeControl "5400+30"]

1. Nf3 Nf6 2. c4 g6 3. Nc3 Bg7 4. e4 d6 5. d4 O-O 6. Be2 e5 7. dxe5 dxe5 8. Qxd8 Rxd8 9. Bg5 c6 10. Nxe5 Re8 11. O-O-O Na6 12. f4 h6 13. Bxf6 Bxf6 14. Nf3 Bxc3 15. bxc3 Nc5 16. e5 Ne4 17. Rhe1 Nxc3 18. Rd2 Nxe2+ 19. Rexe2 Be6 20. c5 b6 21. Rd6 bxc5 22. Rc2 Bd5 23. Rxc5 Bxa2 24. Rcxc6 Rac8 25. Nd4 Kg7 26. Kb2 Rxc6 27. Nxc6 Be6 28. Nxa7 Ra8 29. Ra6 Rb8+ 30. Kc3 Rb3+ 31. Kc2 Rb4 32. g3 g5 33. Nc6 Rc4+ 34. Kd3 Rc1 35. Nd4 Rd1+ 36. Ke3 gxf4+ 37. gxf4 Bg4 38. f5 Rf1 39. Ke4 Bh3 40. Ra7 Re1+ 41. Kd5 Bg2+ 42. Kd6 Rd1 43. Ra4 Bh3 44. Ke7 Rd2 45. e6 Rb2 46. Ra7 1-0

[Event "Slovakian ECo-C Extraliga 2024-25"]
[Site "Slovakia"]
[Date "2024.11.23"]
[Round "1.7"]
[White "Cajka, Tibor"]
[Black "Lisko, Frantisek"]
[Result "1-0"]
[ECO "E10"]
[WhiteElo "2159"]
[BlackElo "2160"]
[Annotator "RC"]
[PlyCount "77"]
[EventDate "2024.09.12"]
[EventType "team-tourn"]
[EventCountry "SVK"]
[SourceTitle "playchess.com"]
[Source "ChessBase"]
[SourceQuality "1"]
[TimeControl "5400+30"]

1. d4 Nf6 2. Nf3 e6 3. c4 c5 4. d5 b5 5. Bg5 exd5 6. cxd5 d6 7. Nc3 a6 8. e4 Be7 9. Bd3 O-O 10. Bf4 Nh5 11. Be3 Nd7 12. h3 Re8 13. O-O g6 14. g4 Ng7 15. a4 b4 16. Ne2 h5 17. Ng3 Nf6 18. Nh2 Qd7 19. f3 Nh7 20. Qd2 Bh4 21. Kg2 Qe7 22. Rac1 f5 23. Bh6 fxg4 24. fxg4 Ng5 25. Rce1 Kh7 26. Bxg5 Bxg5 27. Qf2 Bd7 28. gxh5 gxh5 29. e5+ Kh8 30. e6 Bxa4 31. Qe2 Bb3 32. Qe4 Nxe6 33. dxe6 Bxe6 34. Qg6 Qb7+ 35. Kg1 Bh4 36. Rxe6 Rxe6 37. Qxe6 Qg7 38. Qe4 Bxg3 39. Qxa8+ 1-0

[Event "Slovakian ECo-C Extraliga 2024-25"]
[Site "Slovakia"]
[Date "2024.11.23"]
[Round "1.7"]
[White "Petran, Peter"]
[Black "Varga, Zoltan"]
[Result "1/2-1/2"]
[ECO "A06"]
[WhiteElo "2150"]
[BlackElo "2290"]
[Annotator "RC"]
[PlyCount "80"]
[EventDate "2024.09.12"]
[EventType "team-tourn"]
[EventCountry "SVK"]
[SourceTitle "playchess.com"]
[Source "ChessBase"]
[SourceQuality "1"]
[TimeControl "5400+30"]

1. Nf3 d5 2. g3 c5 3. c4 Nf6 4. cxd5 Nxd5 5. Nc3 Nc6 6. Bg2 Nc7 7. O-O g6 8. d3 Bg7 9. Be3 b6 10. Qc1 h6 11. a3 Bb7 12. Rb1 a5 13. a4 Nb4 14. Rd1 Rc8 15. Bf4 Ne6 16. Nb5 Bxf3 17. exf3 Nxf4 18. Qxf4 O-O 19. Qc4 Qd7 20. f4 Rfd8 21. Rd2 e6 22. Rbd1 Bd4 23. Bf3 Qe7 24. Kg2 Rd7 25. h4 h5 26. Re2 Qd8 27. b3 Kg7 28. Red2 Bf6 29. Kg1 Qf8 30. Bg2 Bd4 31. Bf3 Rcd8 32. Bg2 Kh7 33. Bf3 Qh8 34. Bg2 Qf6 35. Be4 Kg7 36. Kg2 Kh6 37. Bf3 Kg7 38. Be4 Qe7 39. Bf3 Kh7 40. Kg1 Kg7 1/2-1/2

[Event "Slovakian ECo-C Extraliga 2024-25"]
[Site "Slovakia"]
[Date "2024.11.23"]
[Round "1.7"]
[White "Veres, Andrej"]
[Black "Straka, Jozef"]
[Result "0-1"]
[ECO "A45"]
[WhiteElo "2144"]
[BlackElo "2277"]
[Annotator "RC"]
[PlyCount "72"]
[EventDate "2024.09.12"]
[EventType "team-tourn"]
[EventCountry "SVK"]
[SourceTitle "playchess.com"]
[Source "ChessBase"]
[SourceQuality "1"]
[TimeControl "5400+30"]

1. d4 Nf6 2. d5 c6 3. c4 cxd5 4. cxd5 e6 5. dxe6 fxe6 6. g3 Bc5 7. e3 Nc6 8. Ne2 d5 9. Bg2 e5 10. Nbc3 Be6 11. O-O O-O 12. a3 Qd7 13. b4 Be7 14. Bb2 Rad8 15. Qd2 Bh3 16. Rad1 Bxg2 17. Kxg2 d4 18. exd4 exd4 19. Nb1 Ne4 20. Qe1 Ng5 21. Ng1 Qd5+ 22. f3 Bf6 23. h4 Nf7 24. Qf2 Nfe5 25. Nc3 Qb3 26. Ne4 Nd3 27. Qe2 Nxb2 28. Rb1 Qxa3 29. Rxb2 d3 30. Nxf6+ Rxf6 31. Qd2 Ne5 32. Rc1 Rc6 33. Rxc6 Nxc6 34. f4 Nd4 35. Kf2 Nb3 36. Qc3 d2 0-1

[Event "Slovakian ECo-C Extraliga 2024-25"]
[Site "Slovakia"]
[Date "2024.11.23"]
[Round "1.7"]
[White "Sandor, Martin"]
[Black "Varga, Zoltan"]
[Result "*"]
[ECO "A06"]
[WhiteElo "2089"]
[BlackElo "2290"]
[Annotator "RC"]
[PlyCount "37"]
[EventDate "2024.09.12"]
[EventType "team-tourn"]
[EventCountry "SVK"]
[SourceTitle "playchess.com"]
[Source "ChessBase"]
[SourceQuality "1"]
[TimeControl "5400+30"]

1. Nf3 d5 2. g3 c5 3. c4 Nf6 4. cxd5 Nxd5 5. Nc3 Nc6 6. Bg2 Nc7 7. O-O g6 8. d3 Bg7 9. Be3 b6 10. Qc1 h6 11. a3 Bb7 12. Rb1 a5 13. a4 Nb4 14. Rd1 Rc8 15. Bf4 Ne6 16. Nb5 Bxf3 17. exf3 Nxf4 18. Qxf4 O-O 19. Qc4 *

[Event "Slovakian ECo-C Extraliga 2024-25"]
[Site "Slovakia"]
[Date "2024.11.23"]
[Round "1.7"]
[White "Benci, Jozef"]
[Black "Federic, Jozef"]
[Result "1/2-1/2"]
[ECO "A38"]
[WhiteElo "1977"]
[BlackElo "2198"]
[Annotator "RC"]
[PlyCount "91"]
[EventDate "2024.09.12"]
[EventType "team-tourn"]
[EventCountry "SVK"]
[SourceTitle "playchess.com"]
[Source "ChessBase"]
[SourceQuality "1"]
[TimeControl "5400+30"]

1. Nf3 Nf6 2. c4 c5 3. g3 g6 4. Bg2 Bg7 5. Nc3 O-O 6. O-O Nc6 7. d3 b6 8. Ne5 Bb7 9. Nxc6 Bxc6 10. e4 Rc8 11. Be3 Ba8 12. h3 d6 13. Qd2 Re8 14. Rfe1 Nd7 15. Rac1 Ne5 16. b3 Nc6 17. Ne2 Nd4 18. Bxd4 cxd4 19. f4 Qd7 20. Kh2 Rc5 21. Ng1 e5 22. fxe5 dxe5 23. Nf3 Qd6 24. Rf1 Rc7 25. Rf2 Bb7 26. Rcf1 Rf8 27. b4 Bc8 28. a4 Bd7 29. Ra1 Kh8 30. a5 f5 31. exf5 gxf5 32. axb6 axb6 33. Re1 e4 34. dxe4 Rxc4 35. e5 Qxb4 36. Qxb4 Rxb4 37. e6 Bc6 38. Ng5 Bxg2 39. Kxg2 Bf6 40. Rxf5 Kg7 41. e7 Re8 42. Ne6+ Kg6 43. Rxf6+ Kxf6 44. Nc7 Rb2+ 45. Kf3 Kf7 46. Nxe8 1/2-1/2

[Event "Slovakian ECo-C Extraliga 2024-25"]
[Site "Slovakia"]
[Date "2024.11.23"]
[Round "1.8"]
[White "Csonka, Attila Istvan"]
[Black "Vadila, Ondrej"]
[Result "1/2-1/2"]
[ECO "B27"]
[WhiteElo "2271"]
[BlackElo "2206"]
[Annotator "RC"]
[PlyCount "44"]
[EventDate "2024.09.12"]
[EventType "team-tourn"]
[EventCountry "SVK"]
[SourceTitle "playchess.com"]
[Source "ChessBase"]
[SourceQuality "1"]
[TimeControl "5400+30"]

1. e4 c5 2. Nf3 g6 3. d4 cxd4 4. Qxd4 Nf6 5. e5 Nc6 6. Qa4 Nd5 7. Qe4 Nb6 8. Nc3 Bg7 9. h4 d5 10. exd6 Bf5 11. Qf4 O-O 12. Bb5 e5 13. Qd2 Nb4 14. Ne4 N6d5 15. Bd3 Nxd3+ 16. Qxd3 Nf6 17. Nfg5 Rc8 18. c3 Rc6 19. Be3 Nxe4 20. Nxe4 Bxe4 21. Qxe4 Qxd6 22. Rd1 Qe6 1/2-1/2

[Event "Slovakian ECo-C Extraliga 2024-25"]
[Site "Slovakia"]
[Date "2024.11.23"]
[Round "1.8"]
[White "Balogh, Peter"]
[Black "Elias, David"]
[Result "0-1"]
[ECO "B63"]
[WhiteElo "2242"]
[BlackElo "2255"]
[Annotator "RC"]
[PlyCount "78"]
[EventDate "2024.09.12"]
[EventType "team-tourn"]
[EventCountry "SVK"]
[SourceTitle "playchess.com"]
[Source "ChessBase"]
[SourceQuality "1"]
[TimeControl "5400+30"]

1. e4 c5 2. Nf3 d6 3. d4 cxd4 4. Nxd4 Nf6 5. Nc3 Nc6 6. Bg5 e6 7. Qd2 Be7 8. O-O-O a6 9. f3 Nxd4 10. Qxd4 b5 11. f4 Bb7 12. Kb1 Qa5 13. Bxf6 gxf6 14. a3 Rc8 15. e5 fxe5 16. fxe5 d5 17. Ne4 Qc7 18. Nd6+ Bxd6 19. exd6 Qxc2+ 20. Ka2 Kd7 21. Bd3 Qc5 22. Qf6 Qxd6 23. Qxf7+ Qe7 24. Qh5 Rcf8 25. Rhe1 Rf2 26. Re2 Rxe2 27. Bxe2 Rf8 28. Rc1 Qg7 29. Bf3 Rf4 30. Qh3 b4 31. Re1 Qg6 32. Bh5 Qf5 33. g4 Qc2 34. Qb3 Qxb3+ 35. Kxb3 bxa3 36. bxa3 Bc6 37. g5 Kd6 38. h3 e5 39. Be2 Re4 0-1

[Event "Slovakian ECo-C Extraliga 2024-25"]
[Site "Slovakia"]
[Date "2024.11.23"]
[Round "1.8"]
[White "Banas, Kamil"]
[Black "Kapolkova, Greta"]
[Result "1-0"]
[ECO "B38"]
[WhiteElo "2159"]
[BlackElo "1904"]
[Annotator "RC"]
[PlyCount "63"]
[EventDate "2024.09.12"]
[EventType "team-tourn"]
[EventCountry "SVK"]
[SourceTitle "playchess.com"]
[Source "ChessBase"]
[SourceQuality "1"]
[TimeControl "5400+30"]

1. e4 c5 2. c4 Nc6 3. Ne2 g6 4. d4 cxd4 5. Nxd4 Bg7 6. Be3 d6 7. Nc3 Nf6 8. Be2 O-O 9. O-O Bd7 10. Qd2 Rc8 11. f3 a6 12. Rfc1 Nxd4 13. Bxd4 Be6 14. b3 Nd7 15. Be3 Qc7 16. Rc2 b5 17. Rac1 bxc4 18. Bxc4 Bxc4 19. Nd5 Qd8 20. Rxc4 Rxc4 21. Rxc4 e6 22. Nb4 Ne5 23. Rd4 d5 24. exd5 exd5 25. Nxa6 Qc8 26. Nb4 Re8 27. Nxd5 Qf5 28. Re4 f6 29. Qd4 Kf7 30. Nc7 Re7 31. Qd5+ Kf8 32. Bc5 1-0

[Event "Slovakian ECo-C Extraliga 2024-25"]
[Site "Slovakia"]
[Date "2024.11.23"]
[Round "1.8"]
[White "Zvarik, Martin"]
[Black "Jakubek, Peter"]
[Result "1-0"]
[ECO "B12"]
[WhiteElo "2149"]
[BlackElo "2118"]
[Annotator "NA RC"]
[PlyCount "55"]
[EventDate "2024.09.12"]
[EventType "team-tourn"]
[EventCountry "SVK"]
[SourceTitle "playchess.com"]
[Source "ChessBase"]
[SourceQuality "1"]
[TimeControl "5400+30"]

1. e4 c6 2. d4 d5 3. f3 dxe4 4. fxe4 e5 5. Nf3 Bg4 6. Bc4 Nd7 7. O-O Ngf6 8. c3 Bh5 9. Qe1 Bd6 10. Be3 O-O 11. Nbd2 b5 12. Bb3 Re8 13. Bg5 Qc7 14. dxe5 Nxe5 15. Bxf6 gxf6 16. Qh4 Bg6 17. Nd4 Nc4 18. Bxc4 bxc4 19. Rae1 Rad8 20. Nxc4 Bc5 21. e5 fxe5 22. Nxe5 Qb6 23. Nxg6 Rxe1 24. Rxe1 Bxd4+ 25. cxd4 Rxd4 26. Ne7+ Kf8 27. Qh6+ Ke8 28. Nd5+ 1-0

[Event "Slovakian ECo-C Extraliga 2024-25"]
[Site "Slovakia"]
[Date "2024.11.23"]
[Round "1.8"]
[White "Kasperek, Ryszard"]
[Black "Hecko, Dusan"]
[Result "1-0"]
[ECO "B14"]
[WhiteElo "2084"]
[BlackElo "1978"]
[Annotator "NA RC"]
[PlyCount "57"]
[EventDate "2024.09.12"]
[EventType "team-tourn"]
[EventCountry "SVK"]
[SourceTitle "playchess.com"]
[Source "ChessBase"]
[SourceQuality "1"]
[TimeControl "5400+30"]

1. e4 c6 2. d4 d5 3. exd5 cxd5 4. c4 Nf6 5. Nc3 Nc6 6. Bg5 e6 7. Nf3 Be7 8. c5 O-O 9. Bb5 Bd7 10. O-O h6 11. Bf4 Be8 12. Re1 Nh7 13. Rc1 Ng5 14. Ne5 f6 15. Nxc6 bxc6 16. Ba6 Qd7 17. b4 Bf7 18. h4 Ne4 19. b5 Nxc3 20. Rxc3 g5 21. Bg3 f5 22. hxg5 hxg5 23. Be5 Bg6 24. Qb3 Bf6 25. bxc6 Qxc6 26. Bb7 Qe8 27. Bxf6 Rxf6 28. Bxa8 Qxa8 29. c6 1-0